 Dungeon Crawl Stone Soup version 0.31-a0-180-g519b7de00c (webtiles) character file.

Game seed: 1823422568900127539

143 qw the Shield-Bearer (level 5, -1/32 HPs)
             Began as a Gargoyle Fighter on June 19, 2023.
             Killed from afar by a steam dragon (20 damage)
             ... with a ball of steam
             ... on level 4 of the Dungeon.
             The game lasted 00:01:23 (2652 turns).

qw the Shield-Bearer (Gargoyle Fighter)             Turns: 2652, Time: 00:01:24

Health: -1/32      AC: 13    Str: 22    XL:     5   Next: 25%
Magic:  5/5        EV:  5    Int:  8    God:
Gold:   243        SH: 14    Dex:  9    Spells: 4/4 levels left

rFire   . . .        Y - +2 war axe
rCold   . . .        k - +2 tower shield
rNeg    + . .        g - +0 chain mail
rPois   inf          (no helmet)
rElec   +            (no cloak)
rCorr   .            (no gloves)
SInv    .            (no boots)
Will    .....        (no amulet) Stlth
                     (no ring)
HPRegen 0.25/turn    (no ring)
MPRegen 0.09/turn

%: no passive effects
@: no status effects
A: sickness immunity, AC +4, negative energy resistance 1, electricity
resistance, torment resistance 1, petrification resistance
a: no special abilities


You were on level 4 of the Dungeon.
You visited 1 branch of the dungeon, and saw 4 of its levels.

You collected 243 gold pieces.


Innate Abilities, Weirdness & Mutations

You are immune to sickness and miasma.
Your stone body is resilient. (AC +4)
You are immune to poison.
You resist negative energy. (rN+)
You are resistant to electric shocks. (rElec)
You are resistant to unholy torment.
You are immune to petrification.


   Skills:
 - Level 3.2 Fighting
 - Level 3.5 Axes
 - Level 3.2 Armour
 + Level 5.1 Shields


You had 4 spell levels left.
You didn't know any spells.
Your spell library was empty.

Inventory:

Hand Weapons
 f - a +0 mace
 Y - a +2 war axe (weapon)
Armour
 g - a +0 chain mail (worn)
 k - a +2 tower shield (worn)
Wands
 l - a wand of digging (6)
Scrolls
 c - a scroll of identify
 j - a scroll of vulnerability {unknown}
Potions
 a - a potion of lignification {unknown}
 b - a potion of enlightenment {unknown}
 d - a potion of might
 e - a potion of brilliance {unknown}
 h - a potion of heal wounds
 i - a potion of invisibility {unknown}

Dungeon Overview and Level Annotations

Branches:
Dungeon (4/15)
 Temple: D:4-7

Altars:


Message History

Found a stone staircase leading down.
Enter note: A steam dragon comes into view.
The steam dragon hisses angrily.
Enter note:
Found a stone staircase leading down.
Enter note:
Found a stone staircase leading up.
Enter note:
Enter note: You block the steam dragon's attack. x2
Enter note:
Enter note: You slash the steam dragon!
The steam dragon is moderately wounded.
The steam dragon breathes steam at you.
The ball of steam hits you but does no damage.
You block the steam dragon's attack. The steam dragon barely misses you.
You barely miss the steam dragon.
The steam dragon is moderately wounded.
You are engulfed in a cloud of scalding steam.
The steam dragon bites you! The steam dragon claws you.
You barely miss the steam dragon.
The steam dragon is moderately wounded.
You are engulfed in a cloud of scalding steam.
The steam dragon barely misses you. You block the steam dragon's attack.
The steam dragon breathes steam at you. The ball of steam hits you!
2650 ||| DRINKING 2 potions of heal wounds.
You feel much better. You block the steam dragon's attack.
The steam dragon claws you.
You hit the steam dragon.
The steam dragon is heavily wounded.
You block the steam dragon's attack. x2
You slash the steam dragon!
The steam dragon is severely wounded.
The steam dragon breathes steam at you. The ball of steam hits you!!
Ouch! That really hurt!
You die...

######### #...##..#
####..#.# ####
##.##.### ## #.#.
#..##...######.
#..###..............
#..#................
#......>............
#..@................
#..D.................
#....................
......................
#......................
###.......>............
#..<#................
...# #...............
...........


You could see a steam dragon (catching breath).

Vanquished Creatures
  Ijyb (D:4)
  Jessica (D:2)
  2 adders
  2 worms (D:2)
  4 dart slugs
  2 orcs (D:3)
  6 endoplasms
  2 giant cockroaches
  6 goblins
  5 hobgoblins
  3 jackals (D:3)
  3 quokkas
  7 ball pythons
  4 bats
  2 frilled lizards (D:1)
  2 kobolds
  4 rats
56 creatures vanquished.

Notes
Turn   | Place    | Note
-------+----------+-------------------------------------------
     0 | D:1      | qw the Gargoyle Fighter began the quest for the Orb.
     0 | D:1      | Reached XP level 1. HP: 14/14 MP: 1/1
     0 | D:1      | 0 ||| qw: Version: 0.3-a-7-ge0c9b40
     0 | D:1      | 0 ||| qw: Game counter: 893
     0 | D:1      | 0 ||| qw: Always use a shield: true
     0 | D:1      | 0 ||| qw: God list: Okawaru
     0 | D:1      | 0 ||| qw: Allow faded altars: false
     0 | D:1      | 0 ||| qw: Do Orc after D:15 true
     0 | D:1      | 0 ||| qw: Do second Lair branch before Depths: true
     0 | D:1      | 0 ||| qw: Lair rune preference: random
     0 | D:1      | 0 ||| qw: Plans: Normal, Zot:1-4, Slime:5, God:TSO, Crypt,
                  | Tomb, Abyss, Pan, Hells, Win
     0 | D:1      | 0 ||| PLANNING D:1-11
   567 | D:1      | Reached XP level 2. HP: 19/19 MP: 2/2
   621 | D:1      | 621 ||| UPGRADING to +0 chain mail.
   657 | D:1      | 657 ||| DROPPING +0 scale mail.
   658 | D:1      | 658 ||| UPGRADING to +0 kite shield.
   668 | D:1      | 668 ||| DROPPING +0 buckler.
   961 | D:1      | 961 ||| DROPPING amulet of magic regeneration.
   962 | D:1      | 962 ||| READING scroll labelled FULUSY YLAO.
  1043 | D:2      | Reached skill level 3 in Axes
  1043 | D:2      | Reached XP level 3. HP: 22/23 MP: 3/3
  1178 | D:2      | Noticed Jessica
  1179 | D:2      | 1179 ||| Stepping ~*~*~tactically~*~*~ (hiding).
  1184 | D:2      | Killed Jessica
  1185 | D:2      | Reached skill level 4 in Shields
  1185 | D:2      | Reached XP level 4. HP: 28/28 MP: 4/4
  1957 | D:2      | 1957 ||| UPGRADING to +2 tower shield.
  1967 | D:2      | 1967 ||| DROPPING +0 kite shield.
  1968 | D:2      | 1968 ||| READING 2 scrolls labelled ZIAXZO BIOSAMI.
  1969 | D:2      | 1969 ||| READING scroll labelled FIMAKH EJIM.
  1970 | D:2      | 1970 ||| READING scroll labelled CIYFIE CIOGGY.
  1975 | D:2      | 1975 ||| READING scroll labelled PUZXUE RENISHRU.
  1976 | D:2      | 1976 ||| READING scroll labelled DUAMMU ORUPT.
  1977 | D:2      | 1977 ||| DROPPING scroll of noise.
  1989 | D:3      | 1989 ||| Stepping ~*~*~tactically~*~*~ (hiding).
  2065 | D:3      | 2065 ||| Stepping ~*~*~tactically~*~*~ (stealth).
  2138 | D:3      | 2138 ||| Stepping ~*~*~tactically~*~*~ (stealth).
  2174 | D:3      | 2174 ||| READING scroll of enchant weapon.
  2174 | D:3      | 2174 ||| ENCHANTING +1 war axe.
  2365 | D:3      | 2365 ||| Stepping ~*~*~tactically~*~*~ (hiding).
  2368 | D:3      | 2368 ||| Stepping ~*~*~tactically~*~*~ (hiding).
  2390 | D:3      | Reached XP level 5. HP: 32/32 MP: 5/5
  2431 | D:3      | 2431 ||| READING scroll labelled SISKEC ZUIGEC.
  2432 | D:3      | 2432 ||| READING 2 scrolls labelled BYNNEGGU QAILL.
  2433 | D:3      | 2433 ||| DRINKING 3 clear potions.
  2434 | D:3      | 2434 ||| DROPPING scroll of butterflies.
  2451 | D:4      | 2451 ||| Stepping ~*~*~tactically~*~*~ (hiding).
  2453 | D:4      | 2453 ||| Stepping ~*~*~tactically~*~*~ (hiding).
  2454 | D:4      | 2454 ||| Stepping ~*~*~tactically~*~*~ (hiding).
  2570 | D:4      | Noticed Ijyb
  2584 | D:4      | Killed Ijyb
  2585 | D:4      | Reached skill level 5 in Shields
  2643 | D:4      | Noticed a steam dragon
  2649 | D:4      | HP: 3/32 [steam dragon/ball of steam (13)]
  2650 | D:4      | 2650 ||| DRINKING 2 potions of heal wounds.
  2652 | D:4      | Killed from afar by a steam dragon

Levels and vault maps discovered:
D:1:      dpeg_arrival_round_c, layout_rooms, serial_co_window_serial,
          co_window_of_opportunity_a, co_window_paths_a, co_window_paths_a,
          co_window_paths_b, co_window_corner_a, co_window_corner_ca,
          co_window_cross_3, co_window_cross_2, co_window_of_opportunity_b,
          co_window_broadway_c, co_window_4corner_a, co_window_sun,
          glass_columns_c, glass_columns_a, glass_columns_a, glass_columns_a,
          glass_columns_b
D:2:      layout_basic, uniq_jessica
D:3:      layout_rooms
D:4:      layout_layer_cave, uniq_pikel, uniq_ijyb

Skill      XL: |  1  2  3  4  5 |
---------------+----------------+-----
Axes           | 2 3 |  3.5
Shields        | 4 5 |  5.1
Fighting       | |  3.2
Armour         | |  3.2

Action                     |  1- 3 |  4- 6 || total
---------------------------+-------+-------++-------
  Melee: War axe           |    40 |   114 ||   154
    Use: Scroll            |     1 |     8 ||     9
         Potion            |       |     2 ||     2
 Armour: Scale mail        |     4 |       ||     4
         Chain mail        |    13 |    39 ||    52
  Dodge: Dodged            |     5 |    20 ||    25
  Block: Buckler           |     1 |       ||     1
         Kite shield       |     9 |    12 ||    21
         Tower shield      |       |    73 ||    73

Table legend:
 A = Non-vault XP
 B = Vault XP
 C = Vault XP percentage of total XP
 D = Non-vault monster count
 E = Vault monster count
 F = Vault count percentage of total count
                 A         B        C        D         E       F
            +---------+---------+-------+---------+---------+-------
      Total |     130 |      75 |  36.6 |      54 |       2 |   3.6
            +---------+---------+-------+---------+---------+-------
        D:1 |      22 |       0 |   0.0 |      14 |       0 |   0.0
        D:2 |      56 |      37 |  39.8 |      21 |       1 |   4.5
        D:3 |      50 |       0 |   0.0 |      18 |       0 |   0.0
        D:4 |       2 |      38 |  95.0 |       1 |       1 |  50.0
            +---------+---------+-------+---------+---------+-------
